 Dungeon Crawl Stone Soup version 0.20.1-1-g8b1a95d (webtiles) character file.

1349 equalderp2856 the Cleaver (level 8, 0/115 HPs)
             Began as a Minotaur Fighter on Oct 1, 2017.
             Succumbed to a worker ant's poison
             ... on level 5 of the Dungeon.
             The game lasted 00:04:59 (3922 turns).

equalderp2856 the Cleaver (Minotaur Fighter)        Turns: 3922, Time: 00:05:00

Health: 0/115      AC: 24    Str: 20    XL:     8   Next: 36%
Magic:  7/7        EV:  2    Int: 10    God:
Gold:   40         SH: 10    Dex: 15    Spells: 7/7 levels left

rFire    + . .     SeeInvis .   a - +0 war axe
rCold    . . .     Gourm    .   c - +0 shield
rNeg     + + +     Faith    .   (armour currently unavailable)
rPois    +         Spirit   .   (helmet currently unavailable)
rElec    .         Reflect  .   (cloak currently unavailable)
rCorr    .         Harm     .   (gloves currently unavailable)
MR       .....     NoTele   +   (boots currently unavailable)
Stlth    ++........             (no amulet)
Regen    0.3/turn               i - +2 ring of dexterity
MPRegen  0.1/turn               o - ring of protection from fire

@: brilliant, lethally poisoned (0 -> -7), tree-form
A: (retaliatory headbutt), deterioration 1, robust 1
a: no special abilities


You were on level 5 of the Dungeon.
You were not hungry.
You were a tree.
You visited 1 branch of the dungeon, and saw 5 of its levels.

You collected 237 gold pieces.
You spent 197 gold pieces at shops.

Inventory:

Hand Weapons
 a - a +0 war axe (weapon)
Armour
 b - a +0 scale mail
 c - a +0 shield (worn)
 h - a +0 pair of gloves (melded)
 t - a +3 chain mail (melded)
Jewellery
 i - a +2 ring of dexterity (left branch)
 o - a ring of protection from fire (right branch)
 v - an uncursed amulet of guardian spirit {unknown}
 I - an uncursed ring of see invisible {unknown}
Scrolls
 m - 2 scrolls of recharging {unknown}
 n - a scroll of fear {unknown}
 p - a scroll of magic mapping {unknown}
 q - 5 scrolls of identify
 r - 2 scrolls of noise
 w - a scroll of enchant weapon {unknown}
 x - a scroll of remove curse {unknown}
 y - a scroll of fog {unknown}
 B - 2 scrolls of blinking
 F - a scroll of silence
 H - a scroll of teleportation {unknown}
Potions
 d - 3 potions of might
 e - 2 potions of brilliance
 g - a potion of magic {unknown}
 j - 2 potions of flight
 l - a potion of heal wounds {unknown}
 s - 2 potions of lignification
 z - a potion of curing {unknown}
 E - 2 potions of haste
Books
 u - a book of Changes

   Spells                             Type                      Level
   a - Beastly Appendage              Transmutation                1
   b - Sticks to Snakes               Transmutation                2
   c - Spider Form                    Transmutation/Poison         3
   d - Ice Form                       Ice/Transmutation            4
   e - Blade Hands                    Transmutation                5
 D - a book of Cantrips

   Spells                             Type                      Level
   a - Confusing Touch                Hexes                        1
   b - Animate Skeleton               Necromancy                   1
   c - Summon Small Mammal            Summoning                    1
   d - Apportation                    Translocation                1
Comestibles
 f - 3 bread rations
 k - 2 royal jellies
 A - a fruit
 C - 3 meat rations


   Skills:
 + Level 5.7 Fighting
 + Level 9.0 Axes
 + Level 6.3 Armour
 + Level 1.0 Dodging
 + Level 0.5 Stealth
 + Level 6.2 Shields


You had 7 spell levels left.
You didn't know any spells.

Dungeon Overview and Level Annotations

Branches:
Dungeon (5/15)             Temple (0/1) D:4

Altars:
Ashenzari
Fedhas
Qazlal
Trog
Xom

Shops:
D:4 ?


Innate Abilities, Weirdness & Mutations

((You reflexively headbutt those who attack you in melee.))
((You have a pair of horns on your head.))
((You have a beak for a mouth.))
Your body sometimes deteriorates upon taking damage.
You are robust. (+10% HP)
((You are occasionally teleported next to monsters.))


Message History

Your +0 pair of gloves melds into your body.
Your +3 chain mail melds into your body.
Your roots penetrate the ground.
* * * LOW HITPOINT WARNING * * *
You feel sick. You block the worker ant's attack. x2
It was a potion of flight.
Your roots keep you in place.
* * * LOW HITPOINT WARNING * * *
You feel very sick.
The worker ant bites you but does no damage. x2
It was a potion of mutation.
You feel extremely strange.
You feel yourself wasting away.
Your mouth lengthens and hardens into a beak!
You feel weirdly uncertain.
You feel robust.
* * * LOW HITPOINT WARNING * * *
You feel sick. You block the worker ant's attack.
You feel yourself speed up.
* * * LOW HITPOINT WARNING * * *
You feel sick. You block the worker ant's attack.
The worker ant bites you but does no damage.
You die...

.# #.# #.#
#.# #.# #$#
#########.###
......)♣a...#
#########.#.#
#.#.# #.#.#
#...# ##..#
#..# ###..#
#....#


You could see a worker ant.

Vanquished Creatures
  Pikel (D:4)
  2 phantoms (D:5)
  An ogre (D:4)
  A howler monkey (D:4)
  A crimson imp (D:5)
  2 orc priests
  Jessica (D:3)
  Natasha (thrice) (D:3)
  6 orc wizards
  A worker ant (D:4)
  Robin (D:4)
  4 gnolls (D:4)
  6 adders
  An adder skeleton (D:4)
  5 worms
  4 dart slugs
  3 leopard geckos
  8 orcs
  6 giant cockroaches
  9 goblins
  10 hobgoblins
  6 jackals
  A quokka (D:2)
  9 bats
  4 frilled lizards
  10 kobolds
  A quokka skeleton (D:5)
  10 rats
117 creatures vanquished.

Vanquished Creatures (others)
  2 adders (D:4)
  A leopard gecko (D:4)
  3 jackals (D:4)
  A frilled lizard (D:4)
7 creatures vanquished.

Grand Total: 124 creatures vanquished

Notes
Turn   | Place    | Note
-------+----------+-------------------------------------------
     0 | D:1      | equalderp2856 the Minotaur Fighter began the quest for the Orb.
     0 | D:1      | Reached XP level 1. HP: 19/19 MP: 0/0
   179 | D:1      | Reached XP level 2. HP: 26/27 MP: 1/1
   480 | D:1      | Reached XP level 3. HP: 25/33 MP: 2/2
   928 | D:2      | Reached skill level 3 in Axes
  1013 | D:2      | Reached XP level 4. HP: 39/41 MP: 3/3
  1039 | D:2      | Found a shimmering altar of Xom.
  1073 | D:2      | Found a shattered altar of Ashenzari.
  1076 | D:2      | Found a blossoming altar of Fedhas.
  1728 | D:3      | Found a bloodstained altar of Trog.
  1773 | D:3      | Found a stormy altar of Qazlal.
  1800 | D:3      | Noticed Jessica
  1807 | D:3      | Killed Jessica
  1807 | D:3      | Reached skill level 4 in Axes
  1846 | D:3      | Reached XP level 5. HP: 43/47 MP: 4/4
  2035 | D:3      | Noticed Natasha
  2049 | D:3      | Killed Natasha
  2438 | D:3      | Noticed Natasha
  2445 | D:3      | Killed Natasha
  2445 | D:3      | Reached skill level 5 in Shields
  2453 | D:3      | Reached skill level 5 in Axes
  2491 | D:3      | Noticed Natasha
  2495 | D:3      | Killed Natasha
  2563 | D:4      | Found Sigi's Magic Scroll Emporium.
  2568 | D:4      | Bought a scroll of blinking for 82 gold pieces
  2568 | D:4      | Bought a scroll of noise for 11 gold pieces
  2568 | D:4      | Bought a scroll of identify for 22 gold pieces
  2568 | D:4      | Bought a scroll of silence for 82 gold pieces
  2638 | D:4      | Reached XP level 6. HP: 51/53 MP: 5/5
  2703 | D:4      | Noticed Pikel
  2703 | D:4      | Noticed a slave
  2703 | D:4      | Noticed a slave
  2703 | D:4      | Noticed a slave
  2703 | D:4      | Noticed a slave
  2728 | D:4      | Killed Pikel
  2728 | D:4      | Reached skill level 5 in Fighting
  2728 | D:4      | Reached skill level 7 in Axes
  2728 | D:4      | Reached skill level 5 in Armour
  2728 | D:4      | Reached XP level 7. HP: 47/61 MP: 6/6
  2745 | D:4      | Found a staircase to the Ecumenical Temple.
  3016 | D:4      | Noticed Robin
  3026 | D:4      | Killed Robin
  3431 | D:4      | Reached skill level 8 in Axes
  3431 | D:4      | Reached XP level 8. HP: 31/68 MP: 7/7
  3788 | D:5      | Entered Level 5 of the Dungeon
  3876 | D:5      | Reached skill level 1 in Dodging
  3913 | D:5      | Reached skill level 9 in Axes
  3918 | D:5      | HP: 5/105 [poisoned by a worker ant]
  3920 | D:5      | Gained mutation: Your body sometimes deteriorates upon taking damage. [potion of mutation]
  3920 | D:5      | Gained mutation: You have a beak for a mouth. [potion of mutation]
  3920 | D:5      | Gained mutation: You are occasionally teleported next to monsters. [potion of mutation]
  3920 | D:5      | Gained mutation: You are robust. (+10% HP) [potion of mutation]
  3920 | D:5      | HP: 2/115 [poisoned by a worker ant]
  3922 | D:5      | Succumbed to a worker ant's poison

Skill      XL: |  1  2  3  4  5  6  7  8 |
---------------+-------------------------+-----
Fighting       | 4 5 |  5.7
Shields        | 4 5 6 |  6.2
Armour         | 4 5 6 |  6.3
Axes           | 3 4 5 7 8 9 |  9.0
Dodging        | 1 |  1.0
Stealth        | |  0.5

Action                   |  1- 3 |  4- 6 |  7- 9 || total
-------------------------+-------+-------+-------++-------
Melee: War axe           |    93 |   136 |   120 ||   349
       Headbutt          |    10 |    32 |    18 ||    60
  Use: Potion            |       |       |     4 ||     4
 Stab: Distracted        |     1 |       |       ||     1
  Eat: Chunk             |       |     5 |     5 ||    10
Armor: Scale mail        |    23 |       |       ||    23
       Chain mail        |    37 |    80 |    52 ||   169
       Skin              |       |       |     3 ||     3
Dodge: Dodged            |    17 |    21 |    22 ||    60
Block: Shield            |    64 |    73 |    56 ||   193
